Map: Abyssal Reef LE

Players

Kakashi - Winner!

  • Race: Protoss Protoss
  • Spawn Location: 5:00

A.I. 1 (Harder)

  • Race: Terran Terran
  • Spawn Location: 11:00

VOD

Have the link to the VOD?

Description

Me doing the Phoenix Collossus Build Order vs the AI

Time

  • Played on: Dec. 13, 2024, 9:42 a.m.
  • Length: 10:38
Show
View Real Time Build Order
Export as new Build Order

Kakashi Protoss - Winner!

Build Orders: 1 Gate Expand, Phoenix Opening, Colossus Rush 

Get SALT Encoding   

  12  0:00  Probe  
  13  0:12  Probe  
  14  0:17  Pylon  
  14  0:24  Probe  
  15  0:32  Probe  
  15  0:37  Gateway  
  15  0:40  Probe  
  16  0:47  Assimilator  
  17  0:51  Probe  
  18  1:03  Probe  
  19  1:15  Probe  
  20  1:23  Cybernetics Core  
  20  1:34  Nexus  
  20  1:37  Probe  
  21  1:44  Pylon  
  21  1:49  Probe  
  21  1:52  Assimilator  
  21  1:53  Adept  
  22  2:01  Probe  
  25  2:11  Probe  
  26  2:22  Adept, Probe  
  26  2:29  Stargate  
  29  2:31  Probe  
  30  2:42  Probe  
  30  2:43  Probe  
  31  2:50  Probe  
  32  2:54  Stalker  
  32  2:55  Probe  
  32  2:57  Warp Gate  
  36  3:00  Probe  
  36  3:04  Phoenix  
  37  3:07  Probe  
  40  3:13  Probe  
  40  3:19  Probe  
  42  3:22  Pylon  
  42  3:25  Probe  
  43  3:27  Phoenix  
  43  3:31  Probe  
  46  3:37  Assimilator  
  46  3:39  Assimilator  
  46  3:40  Probe  
  47  3:43  Probe  
  48  3:52  Probe, Pylon  
  49  3:55  Probe  
  49  3:57  Phoenix  
  52  4:06  Robotics Facility, Probe  
  52  4:09  Probe  
  54  4:18  Probe  
  54  4:19  Pylon  
  54  4:21  Probe  
  54  4:22  Phoenix  
  58  4:30  Probe  
  59  4:33  Shield Battery  
  59  4:34  Nexus  
  59  4:41  Probe  
  60  4:47  Phoenix  
  62  4:53  Observer  
  62  4:55  Robotics Bay  
  62  4:59  Gateway  
  63  5:00  Pylon  
  63  5:04  Observer  
  63  5:06  Probe x2  
  66  5:18  Probe  
  66  5:20  Probe  
  66  5:21  Twilight Council, Forge  
  68  5:27  Observer  
  69  5:30  Probe  
  69  5:32  Probe  
  71  5:36  Colossus, Protoss Ground Weapons Level 1  
  71  5:42  Extended Thermal Lance, Probe  
  71  5:44  Probe  
  79  5:55  Probe x2  
  81  5:58  Probe  
  81  6:01  Assimilator  
  82  6:07  Probe x2  
  82  6:08  Charge  
  84  6:15  Gateway x2  
  84  6:18  Gateway  
  84  6:19  Colossus  
  84  6:20  Gateway  
  84  6:21  Probe, Pylon  
  84  6:22  Probe  
  84  6:23  Probe  
  84  6:25  Pylon  
  87  6:26  Pylon  
  93  6:39  Probe, Pylon  
  94  6:42  Pylon  
  94  6:48  Nexus  
  94  6:54  Zealot x2  
  94  7:00  Probe  
  99  7:01  Pylon  
  99  7:02  Colossus  
  99  7:14  Observer, Probe x3  
  108  7:16  Robotics Facility  
  108  7:18  Gravitic Drive, Assimilator  
  108  7:19  Pylon  
  108  7:23  Zealot x6  
  108  7:26  Protoss Ground Weapons Level 2  
  108  7:29  Templar Archives  
  119  7:48  Warp Prism  
  119  8:02  Zealot x6  
  131  8:20  Probe  
  131  8:21  Probe x2  
  134  8:27  Zealot x6  
  134  8:33  Photon Cannon, Probe x2  
  134  8:34  Gateway x2  
  148  8:40  Gateway  
  148  8:42  Gateway  
  148  8:58  Disruptor x2, Gateway  
  148  8:59  Gateway  
  148  9:02  High Templar x4  
  164  9:07  Gateway, Archon x2  
  164  9:09  Pylon  
  164  9:12  Pylon  
  164  9:14  Pylon  
  159  9:24  Disruptor x2  
  159  9:27  Zealot  
  159  9:28  Zealot  
  167  9:45  Probe x3  
  170  9:53  High Templar x4  
  170  9:54  High Templar x2  
  170  9:55  Zealot x3  
  170  9:58  Archon x2  
  170  9:59  Archon  
  188  10:01  Nexus  
  188  10:05  Pylon  
  188  10:08  Pylon  
  188  10:24  Zealot x4  
  196  10:31  Assimilator  
  196  10:34  Assimilator  
Show
View Real Time Build Order
Export as new Build Order

A.I. 1 (Harder) Terran 

Build Orders: 2 Factory 

Get SALT Encoding   

  12  0:00  SCV  
  13  0:13  SCV  
  14  0:18  Supply Depot  
  14  0:25  SCV  
  15  0:40  SCV  
  16  0:44  Barracks  
  16  0:52  SCV  
  17  1:04  SCV  
  18  1:18  Command Center  
  18  1:33  Marine, Orbital Command  
  18  1:39  Supply Depot  
  19  1:47  Refinery  
  19  1:51  Marine  
  20  1:59  SCV  
  21  2:02  Barracks  
  21  2:11  Refinery, SCV  
  22  2:15  Marine  
  23  2:23  SCV  
  23  2:29  Supply Depot  
  24  2:35  Barracks Tech Lab  
  24  2:38  SCV  
  25  2:49  Marine, SCV  
  25  2:50  SCV  
  28  2:59  Marine  
  28  3:01  SCV  
  28  3:02  SCV  
  31  3:07  Barracks Tech Lab  
  31  3:13  SCV  
  31  3:14  Factory  
  31  3:15  SCV  
  31  3:17  Marauder  
  35  3:25  SCV  
  35  3:26  Factory  
  36  3:27  SCV  
  37  3:41  Refinery  
  37  3:48  Refinery  
  37  3:59  Marine, Factory Tech Lab  
  37  4:01  Starport  
  38  4:10  Starport, Factory Tech Lab  
  38  4:16  Marauder  
  40  4:27  Marauder  
  42  4:32  SCV  
  42  4:36  SCV  
  42  4:38  Supply Depot, Starport Tech Lab, Reaper  
  43  4:45  SCV  
  43  4:52  Starport Tech Lab, Ghost Academy  
  42  4:53  SCV  
  42  4:59  Medivac  
  45  5:03  SCV  
  45  5:06  SCV  
  47  5:15  SCV  
  47  5:16  Stimpack  
  47  5:19  SCV  
  49  5:21  Ghost  
  49  5:26  Combat Shield  
  49  5:27  SCV  
  53  5:31  SCV  
  54  5:38  Engineering Bay  
  54  5:40  SCV  
  54  5:45  SCV  
  54  5:52  SCV  
  54  5:56  Marine  
  53  5:58  SCV  
  54  6:05  Ghost  
  54  6:06  Terran Infantry Weapons Level 1  
  54  6:08  SCV  
  54  6:09  Supply Depot  
  54  6:11  SCV  
  59  6:16  Marine  
  60  6:20  SCV  
  60  6:27  SCV  
  59  6:33  Marine, SCV  
  59  6:37  Supply Depot  
  59  6:38  Marine  
  59  6:39  SCV  
  63  6:45  Concussive Shells, SCV  
  64  6:51  SCV  
  64  6:52  Marauder  
  67  6:58  Marauder  
  67  6:59  SCV  
  70  7:03  Supply Depot, SCV  
  71  7:11  SCV  
  71  7:13  Marauder  
  71  7:15  SCV  
  75  7:20  Marauder  
  77  7:24  Medivac, SCV  
  77  7:26  Supply Depot  
  77  7:29  SCV  
  81  7:34  Reaper  
  81  7:35  Missile Turret  
  82  7:39  SCV, Missile Turret  
  82  7:40  Ghost  
  82  7:42  SCV  
  84  7:46  Missile Turret  
  84  7:47  Medivac  
  84  7:50  Supply Depot  
  86  7:51  SCV  
  86  7:54  SCV  
  86  7:55  Raven  
  88  8:00  Terran Infantry Armor Level 1  
  88  8:03  SCV  
  88  8:04  Bunker  
  88  8:05  Missile Turret  
  89  8:06  Marine  
  89  8:11  Marine, SCV  
  89  8:12  Sensor Tower  
  88  8:15  SCV  
  88  8:17  Medivac  
  88  8:20  Armory  
  88  8:23  SCV  
  88  8:27  SCV, Bunker  
  88  8:29  Raven  
  88  8:34  Supply Depot  
  91  8:35  SCV  
  91  8:40  SCV  
  93  8:44  Barracks  
  93  9:09  Marine, Raven  
  96  9:11  Marine  
  96  9:15  Factory, Command Center  
  97  9:23  Starport  
  90  9:25  Supply Depot  
  90  9:26  Marine  
  90  9:29  Marine  
  65  9:31  Marine  
  65  9:35  Viking  
  66  9:43  Viking  
  66  9:44  Marine  
  59  9:47  Marine  
  39  10:02  Marine  
  39  10:05  Marine, Viking  
  32  10:16  Command Center  
  27  10:24  Factory Tech Lab  
  27  10:25  Starport Reactor  
Tags
 
Add a new tag
Caveats
  • Supply blocks, unpowered buildings, or Contaminate may cause inaccurate times.
  • Supply counts are checked every 10 seconds.